 Dungeon Crawl Stone Soup version 0.29.0-4-gdea44cf6ec (webtiles) character file.

Game seed: 16839983143630595827

74 qw the Chopper (level 4, -1/26 HPs)
             Began as a Tengu Warper on Aug 28, 2022.
             Slain by Robin
             ... wielding a +0 club
              (5 damage)
             ... on level 3 of the Dungeon.
             The game lasted 00:00:10 (2516 turns).

qw the Chopper (Tengu Warper)                       Turns: 2516, Time: 00:00:11

Health: -1/26      AC:  8    Str: 13    XL:     4   Next: 30%
Magic:  8/8        EV:  6    Int: 14    God:
Gold:   127        SH:  0    Dex: 13    Spells: 7/7 levels left

rFire   . . .      SeeInvis .   Y - +1 hand axe
rCold   . . .      Faith    .   (no shield)
rNeg    . . .      Spirit   .   k - +0 chain mail
rPois   .          Reflect  .   (helmet restricted)
rElec   .          Harm     .   (no cloak)
rCorr   .          Rampage  .   (no gloves)
Will    +....                   (boots unavailable)
Stlth   ..........              (no amulet)
HPRegen 0.08/turn               (no ring)
MPRegen 0.11/turn               (no ring)

@: no status effects
A: beak, talons 3, camouflage 1, strong-willed 1
a: no special abilities


You were on level 3 of the Dungeon.
You visited 1 branch of the dungeon, and saw 3 of its levels.

You collected 127 gold pieces.


Innate Abilities, Weirdness & Mutations

You have a beak for a mouth.
You have claws for feet.
Your skin changes colour to match your surroundings (Stealth+).
You are strong-willed. (Will+)


   Skills:
 - Level 2.0 Fighting
 + Level 4.9 Axes
 - Level 1.0 Throwing
 - Level 1.1 Armour
 - Level 2.1 Dodging
 - Level 2.0 Spellcasting
 - Level 2.4 Translocations


You had 7 spell levels left.
You didn't know any spells.
Your spell library contained the following spells:

 Spells                   Type           Power      Damage    Failure   Level
 Blink                    Tloc           16%        N/A       99%         2
 Gell's Gravitas          Tloc           8%         N/A       100%        3
 Lesser Beckoning         Tloc           8%         N/A       100%        3
 Teleport Other           Tloc           8%         N/A       100%        3
 Manifold Assault         Tloc           8%         N/A       100%        5

Inventory:

Hand Weapons
 b - a +0 whip
 Y - a +1 hand axe (weapon)
Armour
 k - a +0 chain mail (worn)
Scrolls
 a - a scroll of identify
Potions
 f - a potion of resistance
 h - a potion of magic {unknown}
 j - a potion of mutation
 l - a potion of heal wounds {unknown}
 m - 2 potions of curing

Dungeon Overview and Level Annotations

Branches:
Dungeon (3/15)

Altars:
Wu Jian

Annotations:
D:3 Robin


Message History

You kill the goblin!
You hit the hobgoblin but do no damage. You barely miss the goblin.
You hit the goblin.
You kill the goblin!
The goblin hits you but does no damage. The hobgoblin barely misses you.
You closely miss the goblin. You closely miss the hobgoblin.
You barely miss the goblin. You closely miss the goblin.
The goblin closely misses you. The goblin hits you with a +0 dagger.
The goblin hits you with a +0 club.
You closely miss the hobgoblin.
You peck the hobgoblin, but do no damage.
You barely miss the goblin. You closely miss the goblin. You hit the goblin.
The goblin hits you but does no damage. x3
The hobgoblin hits you but does no damage.
You hit the goblin.
You kill the goblin!
You hit the goblin.
You kill the goblin!
You hit the hobgoblin but do no damage. You hit the goblin. x2
The goblin hits you but does no damage.
The hobgoblin hits you but does no damage.
You closely miss the goblin. Your kick misses the goblin. You peck the goblin.
The goblin is almost dead.
You barely miss Robin. You hit the hobgoblin. You barely miss the goblin.
The goblin hits you with a +0 dagger.
The hobgoblin hits you but does no damage.
The goblin hits you with a +0 club. Robin hits you with a +0 club.
You barely miss the goblin. Your peck misses the goblin.
The goblin is almost dead.
You hit the hobgoblin.
You kill the hobgoblin!
You hit the goblin.
You kill the goblin!
You hit Robin but do no damage. The goblin hits you but does no damage.
Robin hits you but does no damage.
You hit the goblin.
You kill the goblin!
You hit Robin. You hit the hobgoblin. The hobgoblin hits you.
Robin hits you with a +0 club.
You die...

..................#####
#############.........#
................###
#######............
#............
#............
#............
###).).#..... #.@).#
#### #gg).# #....#
#....# .....+ ......#
......# ........


You could see Robin and a hobgoblin (strong).

Vanquished Creatures
  2 adders (D:2)
  A worm (D:2)
  A dart slug (D:2)
  An orc (D:2)
  4 ball pythons
  5 endoplasms
  A giant cockroach (D:1)
  4 hobgoblins
  3 quokkas
  5 bats
  3 frilled lizards
  12 goblins
  4 kobolds
  4 rats
50 creatures vanquished.

Notes
Turn   | Place    | Note
-------+----------+-------------------------------------------
     0 | D:1      | qw the Tengu Warper began the quest for the Orb.
     0 | D:1      | Reached XP level 1. HP: 12/12 MP: 4/4
     0 | D:1      | 0 ||| qw: Version: 0.1-a-89-g26bdef1
     0 | D:1      | 0 ||| qw: Game counter: 3214
     0 | D:1      | 0 ||| qw: Always use a shield: true
     0 | D:1      | 0 ||| qw: God list: Okawaru
     0 | D:1      | 0 ||| qw: Allow faded altars: false
     0 | D:1      | 0 ||| qw: Do Orc after D:15 true
     0 | D:1      | 0 ||| qw: Do second Lair branch before Depths: true
     0 | D:1      | 0 ||| qw: Lair rune preference: random
     0 | D:1      | 0 ||| qw: Plans: Normal
     0 | D:1      | 0 ||| PLANNING D:1-11
   243 | D:1      | Reached XP level 2. HP: 15/17 MP: 6/6
   283 | D:1      | Reached skill level 3 in Axes
   864 | D:1      | 864 ||| UPGRADING to +0 chain mail.
   874 | D:1      | 874 ||| DROPPING +0 leather armour.
   875 | D:1      | 875 ||| READING 3 scrolls labelled ADOLIM JACU.
   876 | D:1      | 876 ||| READING scroll labelled TYGYIF ANOTU.
   877 | D:1      | 877 ||| READING scroll labelled FAT KUSEMURE.
   878 | D:1      | 878 ||| DRINKING 2 brown potions.
   879 | D:1      | 879 ||| READING 2 scrolls of identify.
   879 | D:1      | 879 ||| IDENTIFYING cyan potion
   880 | D:1      | 880 ||| DROPPING scroll of blinking.
   881 | D:1      | 881 ||| DROPPING potion of attraction.
  1027 | D:2      | Found an ornate altar of the Wu Jian Council.
  1111 | D:2      | Reached XP level 3. HP: 21/21 MP: 7/7
  1165 | D:2      | 1165 ||| Stepping ~*~*~tactically~*~*~ (stealth).
  1168 | D:2      | 1168 ||| Stepping ~*~*~tactically~*~*~ (stealth).
  1169 | D:2      | 1169 ||| Stepping ~*~*~tactically~*~*~ (stealth).
  1173 | D:2      | 1173 ||| Stepping ~*~*~tactically~*~*~ (stealth).
  1186 | D:2      | 1186 ||| Stepping ~*~*~tactically~*~*~ (stealth).
  1192 | D:2      | Reached skill level 4 in Axes
  1221 | D:2      | 1221 ||| Stepping ~*~*~tactically~*~*~ (hiding).
  1356 | D:2      | 1356 ||| Stepping ~*~*~tactically~*~*~ (hiding).
  1710 | D:2      | 1710 ||| Stepping ~*~*~tactically~*~*~ (hiding).
  1827 | D:2      | Reached XP level 4. HP: 26/26 MP: 8/8
  2177 | D:2      | 2177 ||| READING scroll labelled KATUTW ISHEUL.
  2182 | D:2      | 2182 ||| READING scroll labelled VASSAI SUCSUFUE.
  2183 | D:2      | 2183 ||| READING scroll labelled ALYXECLUMN.
  2184 | D:2      | 2184 ||| READING scroll labelled ACKIHU ZAPTI.
  2185 | D:2      | 2185 ||| DRINKING 2 fizzy orange potions.
  2185 | D:2      | Gained mutation: Your skin changes colour to match your
                  | surroundings (Stealth+). [potion of mutation]
  2185 | D:2      | Gained mutation: You are strong-willed. (Will+) [potion of
                  | mutation]
  2186 | D:2      | 2186 ||| READING 3 scrolls of identify.
  2186 | D:2      | 2186 ||| IDENTIFYING glowing yellow potion
  2187 | D:2      | 2187 ||| READING 2 scrolls of identify.
  2187 | D:2      | 2187 ||| IDENTIFYING viscous puce potion
  2188 | D:2      | 2188 ||| DROPPING potion of brilliance.
  2189 | D:2      | 2189 ||| Stepping randomly (stuck).
  2190 | D:2      | 2190 ||| Stepping ~*~*~tactically~*~*~ (cloud).
  2499 | D:3      | 2499 ||| DROPPING +0 club.
  2502 | D:3      | 2502 ||| Stepping ~*~*~tactically~*~*~ (stealth).
  2504 | D:3      | Noticed Robin
  2514 | D:3      | HP: 6/26 [goblin/+0 club[Robin] (5)]
  2516 | D:3      | Slain by Robin

Levels and vault maps discovered:
D:1:      moated_graveyard_arrival, layout_loops_ring
D:2:      layout_loops_ring, basic_altar
D:3:      layout_basic, ebering_ecumenical_altar_hall, minmay_pentomino_pile,
          uniq_jessica, uniq_robin

Skill      XL: |  1  2  3 |
---------------+----------+-----
Axes           | 3 4 |  4.9
Fighting       | |  2.0
Throwing       | |  1.0
Armour         | |  1.1
Dodging        | |  2.1
Spellcasting   | |  2.0
Translocations | |  2.4

Action                   |  1- 3 |  4- 6 || total
-------------------------+-------+-------++-------
Melee: Hand axe          |    77 |    19 ||    96
       Kick              |    16 |       ||    16
       Peck              |     7 |     3 ||    10
Throw: Boomerang         |     7 |       ||     7
  Use: Scroll            |     4 |     6 ||    10
       Potion            |     1 |     1 ||     2
Armor: Leather armour    |     4 |       ||     4
       Chain mail        |    27 |    14 ||    41
Dodge: Dodged            |    26 |     7 ||    33

Table legend:
 A = Non-vault XP
 B = Vault XP
 C = Vault XP percentage of total XP
 D = Non-vault monster count
 E = Vault monster count
 F = Vault count percentage of total count
                 A         B        C        D         E       F
            +---------+---------+-------+---------+---------+-------
      Total |      91 |      18 |  16.5 |      40 |      10 |  20.0
            +---------+---------+-------+---------+---------+-------
        D:1 |      26 |       0 |   0.0 |      17 |       0 |   0.0
        D:2 |      61 |       0 |   0.0 |      20 |       0 |   0.0
        D:3 |       4 |      18 |  81.8 |       3 |      10 |  76.9
            +---------+---------+-------+---------+---------+-------
